 Dungeon Crawl Stone Soup version 0.29.1-15-g9cfb28693d (webtiles) character file.

Game seed: 4765945081235917659

3970 Mickster the Cleaver (level 10, -5/129 HPs)
             Began as a Hill Orc Berserker on May 2, 2023.
             Was a Believer of Trog.
             Slain by an elephant (7 damage)
             ... on level 1 of the Lair of Beasts.
             The game lasted 00:54:45 (6365 turns).

Mickster the Cleaver (Hill Orc Berserker)           Turns: 6365, Time: 00:54:47

Health: -5/129     AC: 17    Str: 24 (25) XL:     10   Next: 22%
Magic:  0/10       EV:  8    Int:  5 (7)  God:    Trog [**....]
Gold:   237        SH:  0    Dex:  9 (10) Spells: 9/9 levels left

rFire   . . .      SeeInvis .   C - +1 battleaxe
rCold   . . .      Faith    .   (shield currently unavailable)
rNeg    . . .      Spirit   +   F - +1 plate armour
rPois   .          Reflect  .   i - +1 helmet
rElec   .          Harm     .   k - +2 cloak
rCorr   .          Rampage  .   d - +1 pair of gloves
Will    .....                   (no boots)
Stlth   ..........              l - amulet of guardian spirit
HPRegen 0.31/turn               (no ring)
MPRegen 0.12/turn               (no ring)

@: berserking, lethally poisoned (-5 -> -19), very quick
A: deformed body
a: Renounce Religion, Berserk, Trog's Hand


You were on level 1 of the Lair of Beasts.
You worshipped Trog.
Trog was pleased with you.
You visited 2 branches of the dungeon, and saw 10 of its levels.

You collected 413 gold pieces.
You spent 176 gold pieces at shops.

Inventory:

Hand Weapons
 a - a +0 hand axe of venom
 h - a +3 vorpal flail
 o - a +0 vorpal halberd
 A - a +3 spear
 B - a +5 mace
 C - a +1 battleaxe (weapon)
 D - a +3 dagger
 E - a +1 halberd of freezing
 G - the +6 falchion "Jaupp" {vorpal, Contam rElec rF+ Will+}
   (You bought it in a shop on level 7 of the Dungeon)

   It inflicts extra damage upon your enemies.
   rF:        It protects you from fire.
   rElec:     It insulates you from electricity.
   Contam:    It causes magical contamination when unequipped.
   Will:      It increases your willpower.
Missiles
 f - 5 boomerangs of dispersal (quivered)
 t - 2 curare-tipped darts
 u - 19 boomerangs
 v - a throwing net
 w - 29 stones
 I - 4 poisoned darts
Armour
 d - a +1 pair of gloves (worn)
 i - a +1 helmet (worn)
 k - a +2 cloak (worn)
 F - a +1 plate armour (worn)
Jewellery
 l - an amulet of guardian spirit (around neck)
Wands
 j - a wand of mindburst (36)
 y - a wand of roots (8)
Scrolls
 c - a scroll of acquirement {unknown}
 m - a scroll of fear
 n - a scroll of immolation {unknown}
 p - 7 scrolls of identify
 s - a scroll of teleportation
Potions
 b - a potion of lignification
 e - 2 potions of curing
 g - a potion of heal wounds
 q - 2 potions of might
 z - a potion of flight


   Skills:
 + Level 7.6 Fighting
 * Level 5.1 Long Blades
 * Level 8.7(10.6) Axes
 - Level 8.0(9.3) Maces & Flails
 + Level 7.0 Armour
 + Level 4.2 Dodging
 + Level 1.7 Stealth
 + Level 0.5 Evocations


You had 9 spell levels left.
You didn't know any spells.
Your spell library was empty.

Dungeon Overview and Level Annotations

Branches:
Dungeon (9/15)             Temple (0/1) D:7            Lair (1/5) D:9
    Orc: D:9-12

Altars:
Gozag
Kikubaaqudgha
Nemelex Xobeh
Okawaru
Trog
Wu Jian
Xom
The Shining One

Shops:
D:2 (   D:7 (


Innate Abilities, Weirdness & Mutations

Armour fits poorly on your strangely shaped body.


Message History

The cane toad stings you.
* * * LOW HITPOINT WARNING * * *
You feel much better.
You feel very sick. The cane toad stings you!
* * * LOW HITPOINT WARNING * * *
You are lethally poisoned!
The cane toad poisons you!
A red film seems to cover your vision as you go berserk!
You feel yourself moving faster!
You feel mighty!
* * * LOW HITPOINT WARNING * * *
You feel extremely sick.
The cane toad stings you but does no damage.
An elephant comes into view.
You cut the cane toad into ribbons!!!
You kill the cane toad!
Trog accepts your kill.
* * * LOW HITPOINT WARNING * * *
You feel very sick.
An elephant comes into view.
Your Long Blades skill increases to level 5!
Your Armour skill increases to level 7!
The elephant trumpets!
You slice the elephant!!
The elephant is moderately wounded.
* * * LOW HITPOINT WARNING * * *
You feel very sick.
You hear a shout!
You hit the elephant.
The elephant is moderately wounded.
* * * LOW HITPOINT WARNING * * *
You feel very sick. The elephant closely misses you.
The elephant barely misses you.
You slash the elephant!
The elephant is heavily wounded.
* * * LOW HITPOINT WARNING * * *
You feel very sick.
An elephant comes into view.
The elephant tramples you!
You die...

...### .
.....####. ..
#........
.#.###.......
...........#
..YY.....#####
#..........##..
#Y.........#
#...Y@$....#
#..###.#...#
#..# ## ## .
#..## ..#
###...#
....#.#..##
.........#
##.#.....#.#
####<..#


You could see 4 elephants.

Vanquished Creatures
  A cane toad (Lair:1)
  Maggie (D:9)
  5 yaks (D:5)
  Menkaure (D:7)
  A steam dragon (D:6)
  Edmund (D:5)
  A water moccasin (D:6)
  An ice beast (D:6)
  3 orc warriors
  An ogre (D:6)
  2 centaurs
  A phantom (D:7)
  A bullfrog (D:6)
  2 scorpions
  5 wights (D:6)
  12 killer bees
  A jelly (D:7)
  3 hounds
  3 orc priests
  9 orc wizards
  4 gnolls (D:6)
  2 adders
  2 shadow imps (D:7)
  A white imp (D:6)
  3 ufetubi
  A worm (D:2)
  3 dart slugs
  32 orcs
  4 endoplasms
  3 giant cockroaches
  4 goblins
  2 hobgoblins (D:1)
  3 kobolds
  A quokka (D:1)
  2 ball pythons
  2 bats
  2 frilled lizards (D:1)
  5 rats (D:1)
131 creatures vanquished.

Notes
Turn   | Place    | Note
-------+----------+-------------------------------------------
     0 | D:1      | Mickster the Hill Orc Berserker began the quest for the
                  | Orb.
     0 | D:1      | Reached XP level 1. HP: 19/19 MP: 1/1
   122 | D:1      | Found a faded altar of an unknown god.
   198 | D:1      | Reached XP level 2. HP: 20/27 MP: 2/2
   660 | D:1      | Reached XP level 3. HP: 24/33 MP: 3/3
   864 | D:1      | You fall into a shaft and drop 1 floor!
   927 | D:2      | Found Tutiyqu's Weapon Boutique.
  1334 | D:3      | You fall into a shaft and drop 1 floor!
  1390 | D:4      | Reached ** piety under Trog
  1741 | D:4      | Reached skill level 5 in Axes
  1741 | D:4      | Reached XP level 4. HP: 41/41 MP: 4/4
  1758 | D:4      | Found a bloodstained altar of Trog.
  1851 | D:4      | Reached XP level 5. HP: 47/47 MP: 5/5
  2003 | D:5      | Entered Level 5 of the Dungeon
  2131 | D:5      | Noticed Edmund
  2142 | D:5      | Killed Edmund
  2143 | D:5      | Reached skill level 1 in Stealth
  2143 | D:5      | Reached XP level 6. HP: 55/55 MP: 6/6
  2299 | D:5      | Noticed a yak
  2299 | D:5      | Noticed a yak
  2302 | D:5      | Noticed a yak
  2312 | D:5      | Noticed a yak
  2313 | D:5      | Killed a yak
  2314 | D:5      | Reached skill level 5 in Fighting
  2314 | D:5      | Reached skill level 1 in Maces & Flails
  2314 | D:5      | Reached XP level 7. HP: 61/61 MP: 7/7
  2314 | D:5      | Noticed a yak
  2317 | D:5      | Killed a yak
  2321 | D:5      | Killed a yak
  2327 | D:5      | Killed a yak
  2328 | D:5      | Reached XP level 8. HP: 55/70 MP: 8/8
  2336 | D:5      | Killed a yak
  2651 | D:5      | Found a glowing golden altar of the Shining One.
  2936 | D:6      | Reached skill level 5 in Maces & Flails
  3036 | D:6      | Reached skill level 5 in Armour
  3054 | D:6      | Reached XP level 9. HP: 75/75 MP: 9/9
  3847 | D:7      | Found a sand-covered staircase.
  4021 | D:7      | Found an ornate altar of the Wu Jian Council.
  4021 | D:7      | Found a staircase to the Ecumenical Temple.
  4105 | D:7      | Found a shimmering altar of Xom.
  4127 | D:7      | Found a shimmering altar of Xom.
  4133 | D:7      | Noticed Menkaure
  4144 | D:7      | Killed Menkaure
  5103 | D:7      | Found Vimelame's Antique Weapon Shop.
  5120 | D:7      | Bought a twisted falchion for 176 gold pieces
  5120 | D:7      | Identified the +6 falchion "Jaupp" {vorpal, Contam rElec
                  | rF+ Will+} (You bought it in a shop on level 7 of the
                  | Dungeon)
  5161 | D:7      | Found an ancient bone altar of Kikubaaqudgha.
  5393 | D:8      | Found an opulent altar of Gozag.
  5393 | D:8      | Found a sparkling altar of Nemelex Xobeh.
  5525 | D:8      | Reached skill level 1 in Long Blades
  6108 | D:8      | Found an iron altar of Okawaru.
  6272 | D:9      | Found a staircase to the Lair.
  6279 | D:9      | Noticed Maggie
  6290 | D:9      | Reached XP level 10. HP: 78/86 MP: 6/10
  6292 | D:9      | Gained mutation: Armour fits poorly on your strangely
                  | shaped body. [mutagenic glow]
  6299 | D:9      | Killed Maggie
  6342 | Lair:1   | Entered Level 1 of the Lair of Beasts
  6354 | Lair:1   | Noticed a cane toad
  6354 | Lair:1   | Noticed an elephant
  6361 | Lair:1   | Noticed an elephant
  6362 | Lair:1   | Killed a cane toad
  6362 | Lair:1   | Noticed an elephant
  6363 | Lair:1   | Reached skill level 5 in Long Blades
  6364 | Lair:1   | HP: 5/129 [poisoned by a cane toad]
  6365 | Lair:1   | HP: 2/129 [poisoned by a cane toad]
  6365 | Lair:1   | Noticed an elephant
  6365 | Lair:1   | Slain by an elephant

Illustrated notes

Levels and vault maps discovered:
D:1:      dpeg_arrival_concentric_ovals, layout_basic,
          ebering_ecumenical_altar_rust
D:2:      layout_loops_cross, serial_shops, nicolae_shop_advertising_works
          [nicolae_subvault_shop_adworks]
D:3:      layout_basic, grunt_temple_overflow_open
D:4:      layout_basic, trog_three_pillars_becter,
          hangedman_abyss_or_decor_passed
D:5:      layout_loops_cross, mainiacjoe_overflow_alcove_1, zin_purify,
          minmay_shop_mayhem, minmay_stone_trees_medium, uniq_edmund
D:6:      layout_loops_ring, bh_walls_and_bars
D:7:      layout_gridville, mainiacjoe_overflow_catwalk, old_standard_altar,
          xom_redecorated, minmay_temple_entry_sparse_star,
          nicolae_ossuary_entry_plus, serial_shops,
          nicolae_shop_competitors_out_of_business, reono_crystal_passage,
          uniq_menkaure
D:8:      layout_loops_ring, grunt_temple_overflow_opulence,
          amcnicky_altar_gilded, uniq_grum
D:9:      layout_cave_pods, mainiacjoe_overflow_cross_hatched, lair_entry_dummy,
          special_room [special_room_orc], minmay_fractal_squares_gapless_7,
          uniq_maggie
Lair:1:   layout_layer_cave, uniq_amaemon

Skill      XL: |  1  2  3  4  5  6  7  8  9 10 |
---------------+-------------------------------+-----
Fighting       | 4 5 6 7 |  7.6
Axes           | 5 7 8 |  8.7
Dodging        | 2 3 4 |  4.2
Armour         | 3 4 5 6 7 |  7.0
Stealth        | 1 |  1.7
Maces & Flails | 1 3 6 8 |  8.0
Long Blades    | 4 5 |  5.1
Evocations     | |  0.5

Action                   |  1- 3 |  4- 6 |  7- 9 | 10-12 || total
-------------------------+-------+-------+-------+-------++-------
Melee: Hand axe          |    77 |    25 |       |       ||   102
       Punch             |     1 |     1 |     1 |       ||     3
       Flail             |       |    12 |   127 |       ||   139
       Falchion          |       |       |    65 |       ||    65
       Battleaxe         |       |       |    21 |    14 ||    35
Invok: Berserk           |     1 |     3 |    12 |     1 ||    17
       Trog's Hand       |       |     1 |     4 |       ||     5
Evoke: Wand              |     1 |       |     1 |     1 ||     3
  Use: Scroll            |     4 |     2 |     5 |       ||    11
       Potion            |     3 |       |     6 |     1 ||    10
Armor: Animal skin       |     4 |       |       |       ||     4
       Leather armour    |    21 |       |       |       ||    21
       Ring mail         |     1 |    22 |    43 |       ||    66
       Plate armour      |       |       |   113 |    25 ||   138
       Chain mail        |       |       |    71 |       ||    71
Dodge: Dodged            |    51 |    16 |   163 |    15 ||   245
